 Dungeon Crawl Stone Soup version 0.28-a0-1560-g060a6a1bfc (webtiles) character file.

Game seed: 17694758596575763431

20 pottolama the Skirmisher (level 2, -1/26 HPs)
             Began as a Demigod Fighter on Jan 19, 2022.
             Slain by Crazy Yiuf (10 damage)
             ... on level 2 of the Dungeon.
             The game lasted 00:02:43 (860 turns).

pottolama the Skirmisher (Demigod Fighter)           Turns: 860, Time: 00:02:44

Health: -1/26      AC:  6    Str: 17    XL:     2   Next: 42%
Magic:  4/4        EV: 13    Int: 10    God:
Gold:   42         SH:  4    Dex: 13    Spells: 1/1 levels left

rFire   . . .      SeeInvis .   a - +0 rapier
rCold   . . .      Faith    .   c - +0 buckler
rNeg    . . .      Spirit   .   b - +0 scale mail
rPois   .          Reflect  .   (no helmet)
rElec   .          Harm     .   (no cloak)
rCorr   .          Rampage  .   (no gloves)
Will    .....                   (no boots)
Stlth   ..........              (no amulet)
HPRegen 0.08/turn               (no ring)
MPRegen 0.09/turn               (no ring)

@: mighty, agile, slowed, very slow
A: high mp 1, forlorn, divine attributes
a: no special abilities


You were on level 2 of the Dungeon.
You visited 1 branch of the dungeon, and saw 2 of its levels.

You collected 42 gold pieces.

Inventory:

Hand Weapons
 a - a +0 rapier (weapon)
 g - a +1 mace of protection
Armour
 b - a +0 scale mail (worn)
 c - a +0 buckler (worn)
Scrolls
 f - a scroll of teleportation {unknown}
Potions
 e - a potion of brilliance {unknown}


   Skills:
 * Level 3.3 Fighting
 + Level 2.2 Short Blades
 - Level 2.6 Armour
 - Level 2.6 Shields


You had one spell level left.
You didn't know any spells.
Your spell library was empty.

Dungeon Overview and Level Annotations

Branches:
Dungeon (2/15)

Annotations:
D:2 Crazy Yiuf


Innate Abilities, Weirdness & Mutations

You have an increased reservoir of magic. (+10% MP)
You shall have no god before yourself.
Your divine heritage dramatically boosts your attributes as you level up.


Message History

HP restored.
You open the door.
Found a stone staircase leading down.
There is an open door here.
A goblin comes into view. It is wielding a +0 club.
The goblin shouts!
You barely miss the goblin. The goblin hits you with a +0 club.
You hit the goblin.
The goblin is severely wounded.
The goblin hits you with a +0 club.
You closely miss the goblin.
The goblin is severely wounded.
The goblin misses you.
You completely miss the goblin.
The goblin is severely wounded.
The goblin hits you with a +0 club.
You puncture the goblin!
You kill the goblin!
No target in view!
There is a stone staircase leading down here.
You see here a +0 club.
Found a glowing mace.
Found a runed mace and two maces.
Found a runed translucent door.
You see here a +1 mace of protection.
g - a +1 mace of protection
Found a mace.
Found three maces.
You feel very mighty all of a sudden.
You open the door. You closely miss Crazy Yiuf.
Crazy Yiuf hits you with a +3 quarterstaff of chaos!
You feel yourself slow down.
You closely miss Crazy Yiuf. You block Crazy Yiuf's attack.
You puncture Crazy Yiuf!
Crazy Yiuf is moderately wounded.
Crazy Yiuf hits you with a +3 quarterstaff of chaos.
You feel agile all of a sudden.
Crazy Yiuf whimpers, "Hack!
Whiteboard senile cower."
Crazy Yiuf hits you with a +3 quarterstaff of chaos!
You die...

##### #).)# #)))#
).) #g# ♣@♣♣ ♣♣.♣
♣.♣♣ ♣♣.♣ ♣♣.♣♣
.# ♣♣...♣ ..#
♣....♣ #..#
##..## #..#######
#....###.........


You could see Crazy Yiuf.

Vanquished Creatures
  An adder (D:2)
  An endoplasm (D:1)
  A giant cockroach (D:1)
  2 goblins
  2 hobgoblins (D:1)
  2 ball pythons (D:1)
  A bat (D:1)
10 creatures vanquished.

Notes
Turn   | Place    | Note
-------+----------+-------------------------------------------
     0 | D:1      | pottolama the Demigod Fighter began the quest for the Orb.
     0 | D:1      | Reached XP level 1. HP: 18/18 MP: 3/3
   510 | D:1      | Reached skill level 3 in Fighting
   679 | D:2      | Reached XP level 2. HP: 21/26 MP: 4/4
   851 | D:2      | Found a runed translucent door.
   853 | D:2      | Noticed Crazy Yiuf
   860 | D:2      | Slain by Crazy Yiuf

Illustrated notes

Levels and vault maps discovered:
D:1:      roderic_crossed_star, layout_loops_cross, minmay_close_crescents
D:2:      minmay_spotlight, layout_basic,
          shapermc_ecumenical_altar_totnotflames, uniq_crazy_yiuf_cottage

Skill      XL: |  1 |
---------------+----+-----
Fighting       | 3 |  3.3
Short Blades   | 2 |  2.2
Armour         | |  2.6
Shields        | |  2.6

Action                   || total
-------------------------++-------
Melee: Rapier            ||    38
  Use: Potion            ||     1
Armor: Scale mail        ||    14
Dodge: Dodged            ||    10
Block: Buckler           ||    13

Table legend: (Time is in decaauts)
 A = Elapsed time spent in this place.
 B = Non-inter-level travel time spent in this place.
 C = Inter-level travel time spent in this place.
 D = Time resting spent in this place.
 E = Time spent auto-exploring this place.
 F = Levels seen in this place.
 G = Mean time per level.
                   A        B        C        D        E       F      G
               +--------+--------+--------+--------+--------+-----+--------+
         Total |    865 |    854 |     11 |     54 |    658 |   2 |  432.5 |
       Dungeon |    865 |    854 |     11 |     54 |    658 |   2 |  432.5 |
               +--------+--------+--------+--------+--------+-----+--------+

Top non-repeatable levels by time:
     D:1: 667 daAuts
     D:2: 198 daAuts
